 Dungeon Crawl Stone Soup version 0.31-a0-446-g07c4bd200f (console) character file.

Game seed: 11921633491136922370

81 Lexodia the Firebug (level 4, 0/24 HPs)
             Began as a Tengu Fire Elementalist on Aug 3, 2023.
             Slain by a quokka (4 damage)
             ... on level 3 of the Dungeon.
             The game lasted 00:04:11 (2239 turns).

Lexodia the Firebug (Tengu Fire Elementalist)       Turns: 2239, Time: 00:04:12

Health: 0/24       AC:  2    Str:  9    XL:     4   Next: 40%
Magic:  0/8        EV: 12    Int: 17    God:
Gold:   83         SH:  0    Dex: 14    Spells: 2/8 levels left

rFire   + . .        f - +3 dagger
rCold   . . .        (no shield)
rNeg    . . .        a - +0 robe
rPois   .            (helmet restricted)
rElec   .            (no cloak)
rCorr   .            (no gloves)
SInv    .            (boots unavailable)
Will    .....        (no amulet)
Stlth   ++           m - ring of protection from fire
HPRegen 0.24/turn    (no ring)
MPRegen 0.11/turn

%: no passive effects
@: no status effects
A: beak, talons 3
a: no special abilities


You were on level 3 of the Dungeon.
You visited 1 branch of the dungeon, and saw 3 of its levels.

You collected 83 gold pieces.

Inventory:

Hand Weapons
 f - a +3 dagger (weapon)
Armour
 a - a +0 robe (worn)
Jewellery
 m - a ring of protection from fire (left hand)
Scrolls
 g - a scroll of blinking {unknown}
 h - 2 scrolls of noise {unknown}
 i - 2 scrolls of teleportation {unknown}
 k - a scroll of identify {unknown}
 l - 2 scrolls of immolation {unknown}
 p - a scroll of enchant weapon {unknown}
Potions
 b - a potion of magic
 c - a potion of lignification {unknown}
 d - 2 potions of attraction {unknown}
 e - 2 potions of curing {unknown}
 j - 2 potions of ambrosia {unknown}
 n - a potion of brilliance {unknown}
 o - a potion of mutation {unknown}


   Skills:
 - Level 2.1 Dodging
 - Level 2.0 Stealth
 + Level 2.6 Spellcasting
 * Level 3.8 Conjurations
 + Level 3.8 Fire Magic
 + Level 1.1 Air Magic


You had 2 spell levels left.
You knew the following spells:

 Your Spells              Type           Power      Damage    Failure   Level
a - Foxfire               Conj/Fire      60%        2x1d7     3%          1
b - Scorch                Fire           30%        2d6       5%          2
c - Volatile Blastmotes   Fire/Tloc      16%        2d11      24%         3

Your spell library contained the following spells:

 Spells                   Type           Power      Damage    Failure   Level
 Slow                     Hex            8%         N/A       19%         1
 Ensorcelled Hibernation  Hex/Ice        4%         N/A       28%         2
 Passwall                 Tmut/Erth      1%         N/A       28%         2
 Inner Flame              Hex/Fire       8%         N/A       24%         3
 Swiftness                Air            6%         N/A       32%         3
 Flame Wave               Conj/Fire      15%        2d7       36%         4
 Confusing Touch          Hex            2%         N/A       50%         3
 Vampiric Draining        Necr           2%         2d6       50%         3


Dungeon Overview and Level Annotations

Branches:
Dungeon (2/15)

Altars:


Innate Abilities, Weirdness & Mutations

You have a beak for a mouth.
You have claws for feet.


Message History

You kill the rat!
Casting: Foxfire (safe; 3% risk of failure)
Confirm with . or Enter, or press ? or * to list all spells.
The spell is extremely dangerous to miscast (24% risk of failure)!
Continue anyway?
A cloud of volatile blastmotes flares up around you!
The cloud of blastmotes explodes!
The concussive blast engulfs the rat!
You kill the rat!
The concussive blast engulfs you. You resist.
Your foxfire dissipates!
Huge Dmg: -20%(-5hp) hp: 55%(13hp)
Casting: Volatile Blastmotes (extremely dangerous; 24% risk of failure)
Confirm with . or Enter, or press ? or * to list all spells.
You conjure some foxfire!
Your foxfire dissipates!
The foxfire hits the rat but does no damage.
The rat closely misses you.
You hit the rat.
You kill the rat!
The rat barely misses you. The rat attacks as you move away!
The rat misses you. The quokka bites you.
Huge Dmg: -17%(-4hp) hp: 42%(10hp)
The rat twitches its whiskers.
The quokka barely misses you. The quokka attacks as you move away!
The quokka bites you.
* * * LOW HITPOINT WARNING * * *
Huge Dmg: -12%(-3hp) hp: 30%(7hp)
You closely miss the quokka. You peck the quokka.
The quokka is heavily wounded.
The quokka barely misses you.
Casting: Foxfire (safe; 3% risk of failure)
Confirm with . or Enter, or press ? or * to list all spells.
You conjure some foxfire!
The quokka bites you.
* * * LOW HITPOINT WARNING * * *
Huge Dmg: -17%(-4hp) hp: 17%(4hp)
You hit the quokka. Your kick misses the quokka. Your peck misses the quokka.
The quokka is almost dead.
The foxfire hits the quokka but does no damage.
The quokka is almost dead.
The quokka barely misses you. The quokka bites you.
You die...

# ### # ..# ######
#.########## #...##
#..........# #.....
#.#####.##.# #...##
..# ##...#.#######
##.### ###
#...........@# #<# #
# ##...#######r# #.#
# # ##.## #r# #.# #
# #.# ####r# #.# #
#.# #††rr# #.# ##'##
##r#r.# ######.###
##...###r†####
#.........
#####.....#†r..r####
#.####.##.
..##......#..r.r#..#
#.# #.#..


You could see a quokka and 5 rats.

Vanquished Creatures
  An adder (D:3)
  A worm (D:2)
  4 ball pythons
  9 endoplasms
  5 giant cockroaches
  2 goblins
  3 hobgoblins
  6 jackals (D:1)
  3 quokkas
  6 bats
  3 frilled lizards
  2 kobolds (D:1)
  19 rats
64 creatures vanquished.

Vanquished Creatures (others)
  132 foxfires
132 creatures vanquished.

Grand Total: 196 creatures vanquished

Notes
Turn   | Place    | Note
-------+----------+-------------------------------------------
     0 | D:1      | Lexodia the Tengu Fire Elementalist began the quest for the
                  | Orb.
     0 | D:1      | Reached XP level 1. HP: 10/10 MP: 4/4
    33 | D:1      | Huge Dmg: 3 dmg
   153 | D:1      | Reached XP level 2. HP: 15/15 MP: 0/6
   162 | D:1      | Huge Dmg: 4 dmg
   170 | D:1      | Huge Dmg: 4 dmg
   171 | D:1      | Huge Dmg: 5 dmg
   173 | D:1      | Huge Dmg: 2 dmg
   489 | D:1      | Huge Dmg: 3 dmg
   492 | D:1      | Reached XP level 3. HP: 12/19 MP: 3/7
   694 | D:1      | Learned a level 2 spell: Scorch
   866 | D:1      | Learned a level 3 spell: Volatile Blastmotes
  1206 | D:2      | You fall into a shaft and drop 1 floor!
  1252 | D:3      | Found a faded altar of an unknown god.
  1423 | D:3      | Reached XP level 4. HP: 18/24 MP: 6/8
  1481 | D:3      | Huge Dmg: 5 dmg
  1855 | D:3      | Reached skill level 1 in Air Magic
  2226 | D:3      | Huge Dmg: 5 dmg
  2230 | D:3      | Huge Dmg: 5 dmg
  2234 | D:3      | Huge Dmg: 4 dmg
  2237 | D:3      | Huge Dmg: 3 dmg
  2239 | D:3      | Huge Dmg: 4 dmg
  2239 | D:3      | Slain by a quokka

Illustrated notes

Levels and vault maps discovered:
D:1:      zaba_arrival_water, layout_rooms
D:2:      cheibrodos_helix_gallery, layout_rooms, minmay_misc_feat_pillars
D:3:      layout_loops_corners, hellmonk_ecumenical_altar_inner_sanctum,
          minmay_rat_hole

Skill      XL: |  1  2  3  4 |
---------------+-------------+-----
Conjurations   | 2 3 |  3.8
Air Magic      | 1 |  1.1
Dodging        | |  2.1
Stealth        | |  2.0
Spellcasting   | |  2.6
Fire Magic     | |  3.8

Action                     |  1- 3 |  4- 6 || total
---------------------------+-------+-------++-------
  Melee: Unarmed           |     7 |       ||     7
         Kick              |     8 |     1 ||     9
         Peck              |     4 |     1 ||     5
         Dagger            |    21 |    19 ||    40
         Punch             |     1 |       ||     1
   Cast: Foxfire           |    61 |    22 ||    83
         Volatile Blastmot |       |     2 ||     2
   Stab: Sleeping          |     2 |     1 ||     3
 Armour: Robe              |    18 |     2 ||    20
  Dodge: Dodged            |    43 |    21 ||    64

Table legend: (Time is in decaauts)
 A = Elapsed time spent in this place.
 B = Non-inter-level travel time spent in this place.
 C = Inter-level travel time spent in this place.
 D = Time resting spent in this place.
 E = Time spent auto-exploring this place.
 F = Levels seen in this place.
 G = Mean time per level.
                   A        B        C        D        E       F      G
               +--------+--------+--------+--------+--------+-----+--------+
         Total |   2243 |   2222 |     21 |     46 |   1822 |   3 |  747.7 |
       Dungeon |   2243 |   2222 |     21 |     46 |   1822 |   3 |  747.7 |
               +--------+--------+--------+--------+--------+-----+--------+

Top non-repeatable levels by time:
     D:3: 1032 daAuts
     D:1: 989 daAuts
     D:2: 221 daAuts
